CAL
LAKE ELSINORE STORM @ STOCKTON PORTS
04/25/2099
 
TOP OF THE 1ST
Lake Elsinore Storm batting - Pitching for Stockton Ports : LHP Mark Straka
Pitching: LHP Mark Straka
Batting: LHB Brian Pond 0-0: SINGLE (Line Drive, 7LS, EV 100.0 MPH)
Batting: LHB Ryan Alger 0-0: Ball
1-0: Swinging Strike
1-1: Ball
2-1: SINGLE (Line Drive, 78S, EV 107.5 MPH)
Brian Pond to second
Batting: SHB Nate Clark 0-0: Ball
1-0: Foul Ball, location: 25F
1-1: Grounds into double play, 6-4-3 (Groundball, 6, EV 80.6 MPH)
Brian Pond to third
Batting: RHB Josh Peek 0-0: Called Strike
0-1: Ball
1-1: Ball
Wild Pitch!
Brian Pond scores
2-1: Called Strike
2-2: Ball
3-2: Strikes out swinging
Top of the 1st over - 1 run, 2 hits, 0 errors, 0 left on base; Lake Elsinore 1 - Stockton 0
BOTTOM OF THE 1ST
Stockton Ports batting - Pitching for Lake Elsinore Storm : LHP Toshiyuki Masukawa
Pitching: LHP Toshiyuki Masukawa
Batting: RHB Bobby Old 0-0: Ball
1-0: Ball
2-0: TRIPLE (Line Drive, 8LXD, EV 98.8 MPH)
Batting: RHB Shane Hains 0-0: Called Strike
0-1: Ball
1-1: Called Strike
1-2: Fly out, F7 (Line Drive, 78M, EV 104.4 MPH)
Runner from 3rd tags up, SCORES, throw by LF
Batting: RHB Chris Martens 0-0: Called Strike
0-1: Foul Ball, location: 2F
0-2: Fly out, F7 (Flyball, 7S, EV 81.3 MPH)
Batting: RHB Vince Kallman 0-0: Ball
1-0: Ball
2-0: Ball
3-0: Called Strike
3-1: Foul Ball, location: 2F
3-2: Base on Balls
Batting: RHB Marco Ramirez 0-0: Called Strike
0-1: Ball
1-1: Ball
2-1: Ball
3-1: Called Strike
3-2: Foul Ball, location: 5F
3-2: Fly out, F9 (Flyball, 9, EV 85.0 MPH)
Bottom of the 1st over - 1 run, 1 hit, 0 errors, 1 left on base; Lake Elsinore 1 - Stockton 1
TOP OF THE 2ND
Lake Elsinore Storm batting - Pitching for Stockton Ports : LHP Mark Straka
Batting: RHB Dan Hunt 0-0: Ball
1-0: Called Strike
1-1: Swinging Strike
1-2: Ball
2-2: Foul Ball, location: 2F
2-2: Foul Ball, location: 9LSF
2-2: Strikes out swinging
Batting: RHB Andres Luna 0-0: Called Strike
0-1: Ball
1-1: Ground out 5-3 (Groundball, 56, EV 81.3 MPH)
Batting: RHB Rodger Kerkhof 0-0: Foul Ball, location: 9LMFF
0-1: Ground out 1-3 (Groundball, 34S, EV 65.6 MPH)
Top of the 2nd over - 0 runs, 0 hits, 0 errors, 0 left on base; Lake Elsinore 1 - Stockton 1
BOTTOM OF THE 2ND
Stockton Ports batting - Pitching for Lake Elsinore Storm : LHP Toshiyuki Masukawa
Batting: RHB Hector Ortiz 0-0: Swinging Strike
0-1: Swinging Strike
0-2: Strikes out swinging
Batting: LHB Jim Wall 0-0: Ball
1-0: Foul Ball, location: 3DF
1-1: Ball
2-1: Foul Ball, location: 7LDF
2-2: Ball
3-2: SINGLE (Groundball, 34D, EV 96.3 MPH)
Batting: RHB Dave Ottman 0-0: Ball
1-0: Called Strike
1-1: Foul Ball, location: 3F
1-2: Strikes out swinging
Batting: RHB Danny Alarcon 0-0: Ball
1-0: Called Strike
1-1: Ball
2-1: Foul Ball, location: 3SF
2-2: Foul Ball, location: 3F
2-2: Foul Ball, location: 25F
2-2: Fly out, F6 (Popup, P, EV 73.8 MPH)
Bottom of the 2nd over - 0 runs, 1 hit, 0 errors, 1 left on base; Lake Elsinore 1 - Stockton 1
TOP OF THE 3RD
Lake Elsinore Storm batting - Pitching for Stockton Ports : LHP Mark Straka
Batting: RHB Tony Martin 0-0: Ground out 6-3 (Groundball, 6, EV 83.8 MPH)
Batting: RHB Kyle Nastasi 0-0: Ball
1-0: Foul Ball, location: 2RF
1-1: Foul Ball, location: 2F
1-2: Ball
2-2: Ground out 5-3 (Groundball, 56, EV 106.9 MPH)
Batting: LHB Brian Pond 0-0: Ball
1-0: Foul Ball, location: 3SF
1-1: Called Strike
1-2: Strikes out swinging
Top of the 3rd over - 0 runs, 0 hits, 0 errors, 0 left on base; Lake Elsinore 1 - Stockton 1
BOTTOM OF THE 3RD
Stockton Ports batting - Pitching for Lake Elsinore Storm : LHP Toshiyuki Masukawa
Pitching: RHP Tony Gomez
Batting: RHB Bobby Old 0-0: Ball
1-0: Ball
2-0: Fly out, F9 (Line Drive, 89D, EV 91.9 MPH)
Batting: RHB Shane Hains 0-0: Ground out 6-3 (Groundball, 6, EV 108.8 MPH)
Batting: RHB Chris Martens 0-0: Ball
1-0: Ball
2-0: SINGLE (Line Drive, 56, EV 105.0 MPH)
Batting: RHB Vince Kallman 0-0: Called Strike
0-1: Foul Ball, location: 2F
0-2: Ball
1-2: Ball
2-2: Ball
3-2: Fly out, F8 (Flyball, 8RM, EV 91.3 MPH)
Bottom of the 3rd over - 0 runs, 1 hit, 0 errors, 1 left on base; Lake Elsinore 1 - Stockton 1
TOP OF THE 4TH
Lake Elsinore Storm batting - Pitching for Stockton Ports : LHP Mark Straka
Batting: LHB Ryan Alger 0-0: Ball
1-0: Ball
2-0: Ball
3-0: Called Strike
3-1: Base on Balls
Batting: SHB Nate Clark 0-0: Ball
1-0: Swinging Strike
1-1: Ball
2-1: Foul Ball, location: 9LSF
2-2: Ball
3-2: SINGLE (Line Drive, 9S, EV 110.0 MPH)
Ryan Alger to second
Ryan Alger to third
Batting: RHB Josh Peek 0-0: Ball
1-0: Foul Ball, location: 2F
1-1: Ball
2-1: Foul Ball, location: 3FF
2-2: Strikes out swinging
Batting: RHB Dan Hunt 0-0: Foul Ball, location: 7LDF
0-1: Called Strike
0-2: Foul Ball, location: 7LSF
0-2: SINGLE (Groundball, 56D, EV 100.6 MPH)
Ryan Alger scores
Nate Clark to second
Batting: RHB Andres Luna 0-0: Called Strike
0-1: Foul Ball, location: 25F
0-2: Ball
1-2: Strikes out swinging
Batting: RHB Rodger Kerkhof 0-0: Foul Ball, location: 2F
0-1: Ball
1-1: Foul Ball, location: 9LMF
1-2: Ball
2-2: Ball
3-2: Strikes out swinging
Top of the 4th over - 1 run, 2 hits, 0 errors, 2 left on base; Lake Elsinore 2 - Stockton 1
BOTTOM OF THE 4TH
Stockton Ports batting - Pitching for Lake Elsinore Storm : RHP Tony Gomez
Batting: RHB Marco Ramirez 0-0: Foul Ball, location: 2F
0-1: Foul Ball, location: 25F
0-2: Ball
1-2: Strikes out looking
Batting: RHB Hector Ortiz 0-0: Called Strike
0-1: Fly out, F9 (Flyball, 89S, EV 92.5 MPH)
Batting: LHB Jim Wall 0-0: Ball
1-0: Foul Ball, location: 5F
1-1: SINGLE (Groundball, 4MD, EV 101.9 MPH)
Batting: RHB Dave Ottman 0-0: Called Strike
0-1: Ball
1-1: SINGLE (Groundball, 4MD, EV 105.0 MPH)
Jim Wall to second
Runner from 2nd tries for 3rd, SAFE, no throw by CF
Batting: RHB Danny Alarcon 0-0: Called Strike
0-1: Foul Ball, location: 2F
0-2: Ball
Wild Pitch!
Jim Wall scores
Dave Ottman to second
1-2: Foul Ball, location: 9LSF
1-2: Strikes out swinging
Bottom of the 4th over - 1 run, 2 hits, 0 errors, 1 left on base; Lake Elsinore 2 - Stockton 2
TOP OF THE 5TH
Lake Elsinore Storm batting - Pitching for Stockton Ports : LHP Mark Straka
Batting: RHB Tony Martin 0-0: Ball
1-0: Ball
2-0: Ball
3-0: Base on Balls
Batting: RHB Kyle Nastasi 0-0: Foul Ball, location: 5F
0-1: Swinging Strike
0-2: Ball
1-2: SINGLE (Groundball, 6MD, EV 105.6 MPH)
Tony Martin to second
Batting: LHB Brian Pond 0-0: Bunted foul
0-1: Sac Bunt to 25 - play at first, batter OUT! 5-4
Tony Martin to third
Kyle Nastasi to second
Batting: LHB Ryan Alger 0-0: Ball
1-0: Foul Ball, location: 23F
1-1: Fly out, F8 (Flyball, 78M, EV 95.6 MPH)
Runner from 3rd tags up, OUT at HOME! 8-2
Top of the 5th over - 0 runs, 1 hit, 0 errors, 1 left on base; Lake Elsinore 2 - Stockton 2
BOTTOM OF THE 5TH
Stockton Ports batting - Pitching for Lake Elsinore Storm : RHP Tony Gomez
Batting: RHB Bobby Old 0-0: Foul Ball, location: 7LDF
0-1: DOUBLE (Line Drive, 89D, EV 107.5 MPH)
Batting: RHB Shane Hains 0-0: Swinging Strike
0-1: Ball
1-1: Ball
2-1: Ground out 3-1 (Groundball, 34, EV 86.3 MPH)
Bobby Old to third
Batting: RHB Chris Martens 0-0: Fly out, F9 (Flyball, 9D, EV 100.6 MPH)
Runner from 3rd tags up, SCORES, no throw by RF
Batting: RHB Vince Kallman 0-0: DOUBLE (Line Drive, 8LXD, EV 103.8 MPH)
Batting: RHB Marco Ramirez 0-0: Ground out U3 (Groundball, 3L, EV 85.0 MPH)
Bottom of the 5th over - 1 run, 2 hits, 0 errors, 1 left on base; Lake Elsinore 2 - Stockton 3
TOP OF THE 6TH
Lake Elsinore Storm batting - Pitching for Stockton Ports : LHP Mark Straka
Batting: SHB Nate Clark 0-0: Ball
1-0: Ball
2-0: Foul Ball, location: 23F
2-1: Foul Ball, location: 9LDF
2-2: Ball
3-2: Base on Balls
Batting: RHB Josh Peek 0-0: Called Strike
0-1: Ball
1-1: Ball
2-1: Ball
3-1: Base on Balls
Nate Clark to second
Batting: RHB Dan Hunt 0-0: Called Strike
0-1: Ball
1-1: Fly out, F3 (Line Drive, 34D, EV 76.3 MPH)
Lined into DP, U3 (Line Drive, 34D, EV 76.3 MPH)
Pitching: RHP A.J. Wayne
Batting: RHB Andres Luna 0-0: Ball
1-0: Ground out 6-3 (Groundball, 6, EV 101.9 MPH)
Top of the 6th over - 0 runs, 0 hits, 0 errors, 1 left on base; Lake Elsinore 2 - Stockton 3
BOTTOM OF THE 6TH
Stockton Ports batting - Pitching for Lake Elsinore Storm : RHP Tony Gomez
Batting: RHB Hector Ortiz 0-0: Swinging Strike
0-1: Bunt missed!
0-2: Ball
1-2: Ground out 1-3 (Groundball, 34S, EV 69.4 MPH)
Batting: LHB Jim Wall 0-0: Fly out, F8 (Line Drive, 8LM, EV 88.1 MPH)
Batting: RHB Dave Ottman 0-0: Called Strike
0-1: SINGLE (Line Drive, 8RS, EV 98.1 MPH)
Batting: RHB Danny Alarcon 0-0: Ball
1-0: Ball
2-0: Ball
3-0: Called Strike
3-1: Fielders Choice at 2nd, 6-4 (Groundball, 6, EV 87.5 MPH)
Bottom of the 6th over - 0 runs, 1 hit, 0 errors, 1 left on base; Lake Elsinore 2 - Stockton 3
TOP OF THE 7TH
Lake Elsinore Storm batting - Pitching for Stockton Ports : RHP A.J. Wayne
Batting: RHB Rodger Kerkhof 0-0: Called Strike
0-1: Ball
1-1: Ball
2-1: Foul Ball, location: 7LDF
2-2: Strikes out swinging
Batting: RHB Tony Martin 0-0: Foul Ball, location: 23FF
0-1: Ball
1-1: Swinging Strike
1-2: Ball
2-2: Foul Ball, location: 9LMF
2-2: Foul Ball, location: 23FF
2-2: Ball
3-2: Strikes out looking
Pinch Hitting: RHB Miguel Otero 0-0: Called Strike
0-1: Ball
1-1: Foul Ball, location: 3SF
1-2: Ball
2-2: Fly out, F8 (Flyball, 8RS, EV 90.6 MPH)
Top of the 7th over - 0 runs, 0 hits, 0 errors, 0 left on base; Lake Elsinore 2 - Stockton 3
BOTTOM OF THE 7TH
Stockton Ports batting - Pitching for Lake Elsinore Storm : RHP Tony Gomez
Pitching: RHP Kisaku Takano
Now at 3B: Mike Patton
Now at SS: Rodger Kerkhof
Batting: RHB Bobby Old 0-0: Ball
1-0: Foul Ball, location: 2F
1-1: SINGLE (Line Drive, 78S, EV 105.6 MPH)
Batting: RHB Shane Hains 0-0: Ball
1-0: Ball
Bobby Old steals 2nd base
2-0: SINGLE (Groundball, 3D, EV 95.0 MPH)
Bobby Old to third
Runner from 3rd tries for Home, SAFE, throw by RF to home
Batting: RHB Chris Martens 0-0: Foul Ball, location: 23F
0-1: Ball
Shane Hains steals 2nd base
1-1: Called Strike
1-2: Foul Ball, location: 9LDF
1-2: Ball
2-2: Foul Ball, location: 7LSF
2-2: Ball
3-2: Ground out 6-3 (Groundball, 56, EV 107.5 MPH)
Shane Hains to third
Batting: RHB Vince Kallman 0-0: Called Strike
0-1: Foul Ball, location: 2F
0-2: Foul Ball, location: 25F
0-2: Ball
1-2: Ball
2-2: Foul Ball, location: 2F
2-2: Strikes out looking
Batting: RHB Marco Ramirez 0-0: Ball
1-0: Swinging Strike
1-1: Ground out 5-3 (Groundball, 5, EV 87.5 MPH)
Bottom of the 7th over - 1 run, 2 hits, 0 errors, 1 left on base; Lake Elsinore 2 - Stockton 4
TOP OF THE 8TH
Lake Elsinore Storm batting - Pitching for Stockton Ports : RHP A.J. Wayne
Batting: LHB Brian Pond 0-0: Ball
1-0: Called Strike
1-1: Called Strike
1-2: Ground out 1-3 (Groundball, 15S, EV 73.8 MPH)
Batting: LHB Ryan Alger 0-0: Ball
1-0: Foul Ball, location: 23F
1-1: Called Strike
1-2: Strikes out swinging
Batting: SHB Nate Clark 0-0: Ball
1-0: Ground out 4-3 (Groundball, 4M, EV 99.4 MPH)
Top of the 8th over - 0 runs, 0 hits, 0 errors, 0 left on base; Lake Elsinore 2 - Stockton 4
BOTTOM OF THE 8TH
Stockton Ports batting - Pitching for Lake Elsinore Storm : RHP Kisaku Takano
Batting: RHB Hector Ortiz 0-0: Ball
1-0: Foul Ball, location: 9LDF
1-1: Swinging Strike
1-2: Foul Ball, location: 9LDF
1-2: SINGLE (Flyball, 78M, EV 88.1 MPH)
Batting: LHB Jim Wall 0-0: Ball
1-0: Ball
2-0: Called Strike
2-1: Foul Ball, location: 2F
2-2: Fly out, F9 (Flyball, 9D, EV 104.4 MPH)
Runner from 1st tags up, SAFE at 2nd
Pinch Hitting: LHB Willie Taylor 0-0: Intentional Walk
Batting: RHB Danny Alarcon 0-0: DOUBLE (Flyball, 8LXD, EV 102.5 MPH)
Hector Ortiz scores
Willie Taylor to third
Batting: RHB Bobby Old 0-0: DOUBLE (Line Drive, 78D, EV 103.8 MPH)
Willie Taylor scores
Danny Alarcon scores
Pitching: LHP Justin Hickman
Batting: RHB Shane Hains 0-0: Swinging Strike
0-1: Ball
1-1: Ball
2-1: Ball
3-1: Called Strike
3-2: Foul Ball, location: 3SF
3-2: Fly out, F4 (Popup, 3S, EV 84.4 MPH)
Batting: RHB Chris Martens 0-0: Ball
Balk!
Bobby Old to third
1-0: Called Strike
1-1: Ball
2-1: Fly out, F8 (Flyball, 8LXD, EV 95.6 MPH)
Bottom of the 8th over - 3 runs, 3 hits, 0 errors, 1 left on base; Lake Elsinore 2 - Stockton 7
TOP OF THE 9TH
Lake Elsinore Storm batting - Pitching for Stockton Ports : RHP A.J. Wayne
Now at 2B: Eddie Siegal
Batting: RHB Josh Peek 0-0: Called Strike
0-1: Ball
1-1: Ball
2-1: Ground out 1-3 (Groundball, 13S, EV 64.4 MPH)
Batting: RHB Dan Hunt 0-0: Foul Ball, location: 3FF
0-1: Fly out, F9 (Flyball, 89S, EV 89.4 MPH)
Batting: RHB Andres Luna 0-0: Called Strike
0-1: Ball
1-1: Ground out 6-3 (Groundball, 6S, EV 68.8 MPH)
Top of the 9th over - 0 runs, 0 hits, 0 errors, 0 left on base; Lake Elsinore 2 - Stockton 7
Saturday, May 4th , 2024 - OOTP Baseball 24.11 Build 85